 Dungeon Crawl Stone Soup version 0.32-a0-996-gb3226c233f (webtiles) character file.

Game seed: 18328211492442484502

106 RBrandon the Sneak (level 4, -2/35 HPs)
             Began as a Merfolk Brigand on Apr 23, 2024.
             Slain by Ijyb
             ... wielding a +0 club
              (5 damage)
             ... on level 3 of the Dungeon.
             The game lasted 00:03:03 (1645 turns).

RBrandon the Sneak (Merfolk Brigand)                Turns: 1645, Time: 00:03:04

Health: -2/35      AC:  3    Str: 11    XL:     4   Next: 84%
Magic:  4/4        EV: 12    Int: 10    God:
Gold:   119        SH:  0    Dex: 17    Spells: 3/3 levels left

rFire   . . .        f - +1 dagger (venom)
rCold   . . .        (no shield)
rNeg    . . .        b - +0 robe
rPois   .            (no helmet)
rElec   .            c - +0 cloak
rCorr   .            (no gloves)
SInv    .            (no boots)
Will    .....        (no amulet)
Stlth   +++          (no ring)
HPRegen 0.25/turn    (no ring)
MPRegen 0.09/turn

%: no passive effects
@: no status effects
A: (nimble swimmer 2), mertail
a: no special abilities


You were on level 3 of the Dungeon.
You visited 1 branch of the dungeon, and saw 3 of its levels.

You collected 119 gold pieces.

Inventory:

Hand Weapons
 a - a +2 dagger
 f - a +1 dagger of venom (weapon)
   (You took it off a kobold on level 1 of the Dungeon)
Missiles
 d - 9 poisoned darts (quivered)
 e - 3 curare-tipped darts
Armour
 b - a +0 robe (worn)
 c - a +0 cloak (worn)
Jewellery
 g - a +5 ring of evasion
 i - a +5 ring of evasion
Scrolls
 j - a scroll of immolation {unknown}
 k - 4 scrolls of identify {unknown}
 o - a scroll of amnesia {unknown}
 p - 2 scrolls of teleportation {unknown}
Potions
 h - 2 potions of enlightenment {unknown}
 l - 4 potions of curing {unknown}
 m - 3 potions of haste {unknown}
 n - a potion of might {unknown}
 q - a potion of lignification {unknown}
 r - a potion of degeneration {unknown}


   Skills:
 + Level 3.3 Fighting
 - Level 2.8 Short Blades
 + Level 3.1 Throwing
 + Level 3.1 Dodging
 - Level 4.6 Stealth


You had 3 spell levels left.
You didn't know any spells.
Your spell library contained the following spells:

 Spells                   Type           Power      Damage    Failure   Level
 Call Canine Familiar     Summ           0%         N/A       75%         3
 Inner Flame              Hex/Fire       0%         N/A       75%         3
 Sigil of Binding         Hex            0%         N/A       75%         3
 Dimensional Bullseye     Hex/Tloc       0%         N/A       98%         4
 Flame Wave               Conj/Fire      0%         2d4       98%         4
 Sticky Flame             Fire/Alch      0%         2d4       98%         4


Dungeon Overview and Level Annotations

Branches:
Dungeon (3/15)

Altars:

Annotations:
D:3 Ijyb


Innate Abilities, Weirdness & Mutations

((You are very nimble when in or above water. (Stealth+, EV+, Speed+++)))
Your lower body shifts to a powerful aquatic tail in water.


Message History

Ijyb closely misses you.
You barely miss Ijyb.
Ijyb is lightly wounded.
The ball python bites you. The ball python closely misses you.
Ijyb completely misses you.
You barely miss Ijyb.
Ijyb is moderately wounded.
The ball python bites you. The ball python closely misses you.
You hit Ijyb but do no damage.
Ijyb looks as sick as possible!
Ijyb is moderately wounded.
Ijyb hits you with a +0 club. The ball python closely misses you.
The ball python grabs you. The ball python constricts you.
You hit Ijyb but do no damage.
Ijyb looks as sick as possible!
Ijyb is heavily wounded.
The ball python bites you. The ball python constricts you.
Ijyb hits you with a +0 club.
You hit Ijyb but do no damage.
Ijyb looks as sick as possible!
Ijyb is severely wounded.
The ball python bites you but does no damage.
The ball python constricts you. Ijyb hits you with a +0 club.
* * * LOW HITPOINT WARNING * * *
You hit Ijyb.
Ijyb looks as sick as possible!
Ijyb is almost dead.
The ball python bites you.
* * * LOW HITPOINT WARNING * * *
The ball python constricts you.
* * * LOW HITPOINT WARNING * * *
Ijyb hits you with a +0 club.
* * * LOW HITPOINT WARNING * * *
You hit the ball python.
The ball python is poisoned.
The ball python is moderately wounded.
The ball python bites you.
* * * LOW HITPOINT WARNING * * *
The ball python constricts you.
* * * LOW HITPOINT WARNING * * *
Ijyb hits you with a +0 club.
* * * LOW HITPOINT WARNING * * *
You escape the ball python's grasp.
Ijyb hits you with a +0 club.
You die...
Ijyb moans, "Good help so hard to find!"

## ..## #..##
##########...#
#.....#...?..####
.................
..............# ..
......Sg<.....####.#
.......@...........#
...............###.####
...............###.....
.............).#...#
..................#####
#(....#.....##..#.....##
#########..##.......#...
##.##.#####...†# #. #.
##.#..


You could see Ijyb (extremely poisoned) and a ball python (poisoned).

Vanquished Creatures
  Terence (D:2)
  2 adders (D:2)
  2 dart slugs
  2 ribbon worms (D:2)
  3 endoplasms
  2 giant cockroaches
  4 goblins
  8 hobgoblins
  5 jackals
  2 quokkas (D:1)
  5 ball pythons
  3 bats (D:1)
  3 frilled lizards
  8 kobolds
  3 rats (D:1)
53 creatures vanquished.

Notes
Turn   | Place    | Note
-------+----------+-------------------------------------------
     0 | D:1      | RBrandon the Merfolk Brigand began the quest for the Orb.
     0 | D:1      | Reached XP level 1. HP: 16/16 MP: 1/1
   171 | D:1      | Reached XP level 2. HP: 23/23 MP: 2/2
   253 | D:1      | Found a faded altar of an unknown god.
   542 | D:1      | Reached XP level 3. HP: 28/28 MP: 3/3
   962 | D:2      | Noticed Terence
   966 | D:2      | Killed Terence
   967 | D:2      | Reached XP level 4. HP: 35/35 MP: 4/4
  1594 | D:3      | Noticed Ijyb
  1645 | D:3      | Slain by Ijyb

Illustrated notes

Levels and vault maps discovered:
D:1:      dpeg_arrival_connections, layout_loops_cross,
          dreamdust_ecumenical_altar_angels_and_demons
D:2:      layout_basic, dk_vineyard_2, uniq_terence
D:3:      layout_rooms, chequers_temple_overflow_minitemple,
          nicolae_overflow_crystal_walls, uniq_ijyb, uniq_grinder

Skill      XL: |  1  2  3  4 |
---------------+-------------+-----
Dodging        | 2 3 |  3.1
Fighting       | 3 |  3.3
Throwing       | 3 |  3.1
Short Blades   | |  2.8
Stealth        | |  4.6

Action                     |  1- 3 |  4- 6 || total
---------------------------+-------+-------++-------
  Melee: Dagger            |    76 |    71 ||   147
  Throw: Dart              |     1 |       ||     1
   Stab: Sleeping          |    14 |     7 ||    21
         Distracted        |     1 |       ||     1
 Armour: Robe              |    37 |    36 ||    73
  Dodge: Dodged            |    38 |    51 ||    89

Table legend: (Time is in decaauts)
 A = Elapsed time spent in this place.
 B = Non-inter-level travel time spent in this place.
 C = Inter-level travel time spent in this place.
 D = Time resting spent in this place.
 E = Time spent auto-exploring this place.
 F = Levels seen in this place.
 G = Mean time per level.
                   A        B        C        D        E       F      G
               +--------+--------+--------+--------+--------+-----+--------+
         Total |   1622 |   1580 |     42 |     25 |   1115 |   3 |  540.7 |
       Dungeon |   1622 |   1580 |     42 |     25 |   1115 |   3 |  540.7 |
               +--------+--------+--------+--------+--------+-----+--------+

Top non-repeatable levels by time:
     D:1: 935 daAuts
     D:2: 623 daAuts
     D:3: 64 daAuts

Levels and vault maps discovered:
D:1:      dpeg_arrival_connections, layout_loops_cross,
          dreamdust_ecumenical_altar_angels_and_demons
D:2:      layout_basic, dk_vineyard_2, uniq_terence
D:3:      layout_rooms, chequers_temple_overflow_minitemple,
          nicolae_overflow_crystal_walls, uniq_ijyb, uniq_grinder

Table legend: (Time is in decaauts)
 A = Elapsed time spent in this place.
 B = Non-inter-level travel time spent in this place.
 C = Inter-level travel time spent in this place.
 D = Time resting spent in this place.
 E = Time spent auto-exploring this place.
 F = Levels seen in this place.
 G = Mean time per level.
                   A        B        C        D        E       F      G
               +--------+--------+--------+--------+--------+-----+--------+
         Total |   1622 |   1580 |     42 |     25 |   1115 |   3 |  540.7 |
       Dungeon |   1622 |   1580 |     42 |     25 |   1115 |   3 |  540.7 |
               +--------+--------+--------+--------+--------+-----+--------+

Top non-repeatable levels by time:
     D:1: 935 daAuts
     D:2: 623 daAuts
     D:3: 64 daAuts

Table legend:
 A = Kills in this place as a percentage of kills in the entire game.
 B = Kills by you in this place as a percentage of kills by you in the entire game.
 C = Kills by friends in this place as a percentage of kills by friends in the entire game.
 D = Other kills in this place as a percentage of other kills in the entire game.
 E = Experience gained in this place as a percentage of experience gained in the entire game.
 F = Experience gained in this place divided by the number of levels of this place that you have seen.
                   A       B       C       D       E      F
               +-------+-------+-------+-------+-------+----------------------
         Total | 100.0 | 100.0 |   N/A |   N/A | 100.0 |  50.7
       Dungeon | 100.0 | 100.0 |   N/A |   N/A | 100.0 |  50.7
               +-------+-------+-------+-------+-------+----------------------
